 Dungeon Crawl Stone Soup version 0.24.0-13-gcf9b319 (webtiles) character file.

Game seed: 13075770742109597558, levelgen mode: deterministic

137 Fang the Skirmisher (level 5, -1/33 HPs)
             Began as a Gargoyle Berserker on Nov 11, 2019.
             Was a Believer of Trog.
             Killed from afar by an orc wizard (8 damage)
             ... with a magic dart
             ... on level 3 of the Dungeon.
             The game lasted 00:01:59 (1560 turns).

Fang the Skirmisher (Gargoyle Berserker)            Turns: 1560, Time: 00:01:59

Health: -1/33      AC: 13    Str: 21    XL:     5   Next: 20%
Magic:  5/5        EV:  8    Int:  8    God:    Trog [**....]
Gold:   106        SH:  0    Dex:  9    Spells: 4/4 levels left

rFire    . . .     SeeInvis .   a - +0 war axe
rCold    . . .     Gourm    .   (no shield)
rNeg     + . .     Faith    .   b - +0 chain mail
rPois    ∞         Spirit   .   (no helmet)
rElec    +         Reflect  .   (no cloak)
rCorr    .         Harm     .   (no gloves)
MR       .....                  (no boots)
Stlth    ..........             (no amulet)
HPRegen  0.11/turn              (no ring)
MPRegen  0.09/turn              (no ring)

@: berserk cooldown, slowed, very slow
A: negative energy resistance 1, electricity resistance, unbreathing,
petrification resistance, rot immunity, AC +4
a: Berserk, Trog's Hand, Renounce Religion


You were on level 3 of the Dungeon.
You worshipped Trog.
Trog was pleased with you.
You were very hungry.

You visited 1 branch of the dungeon, and saw 3 of its levels.

You collected 106 gold pieces.

Inventory:

Hand Weapons
 a - a +0 war axe (weapon)
Armour
 b - a +0 chain mail (worn)
Jewellery
 r - an uncursed ring of wizardry {unknown}
Wands
 p - a wand of digging (5)
Scrolls
 f - 2 scrolls of fear {unknown}
 j - 5 scrolls of identify {unknown}
 k - a scroll of fog {unknown}
 l - 3 scrolls of teleportation {unknown}
 n - a scroll of noise {unknown}
Potions
 e - 3 potions of curing {unknown}
 g - a potion of lignification {unknown}
 h - 2 potions of heal wounds {unknown}
 i - a potion of degeneration {unknown}
 m - a potion of might {unknown}
 o - a potion of agility {unknown}
 q - a potion of cancellation {unknown}
Comestibles
 c - 4 rations
 d - 5 chunks of flesh


   Skills:
 + Level 4.2 Fighting
 + Level 3.4 Axes
 + Level 3.4 Armour
 + Level 2.4 Dodging


You had 4 spell levels left.
You didn't know any spells.
Your spell library was empty.

Dungeon Overview and Level Annotations

Branches:
Dungeon (3/15)

Altars:


Innate Abilities, Weirdness & Mutations

You are resistant to torment.
Your stone body is resilient. (AC +4)
You are immune to poison.
You resist negative energy. (rN+)
You are resistant to electric shocks. (rElec)
You can survive without breathing.
You are immune to petrification.
You are immune to rotting.


Message History

You miss something. You completely miss the adder.
The adder bites you but does no damage. x2
You closely miss something. You slash the adder!
Something hits you but does no damage. The adder bites you but does no damage.
You miss something. You closely miss the adder.
Something hits you but does no damage. The adder barely misses you.
You closely miss something. You slice the adder!!
You kill the adder!
Trog accepts your kill. Something completely misses you.
You closely miss something. Something hits you but does no damage.
You miss something.
You are no longer berserk.
You are exhausted.
You feel yourself slow down. Something hits you but does no damage.
You miss something. Something hits you but does no damage.
You hear some strange, mumbled words.
A magic dart appears from out of thin air!
The magic dart hits you!
You die...

#.........## #..#
#.........# #.## ##
###........## #.#####.
#...........# #.##..<.
##.##.#.....>####.......
#.....#.(....#.......... .
#..>......(.(((.))... #..
#.#)...<...##..#.#...
#...#..†@†..........##...
#......#){...#.#.#.......
.<......(............##...
.......##.......#..#..#...
......# ###...##....#.#...
##.!.. ....#.#.#.#.....
...... .#.###..........
.#.... .# #......[.## #...
.. .........#


There were no monsters in sight!

Vanquished Creatures
  Ijyb (D:3)
  4 adders
  2 oozes (D:2)
  2 worms (D:2)
  2 leopard geckos
  4 orcs (D:3)
  3 giant cockroaches
  6 goblins
  5 hobgoblins
  6 jackals (D:2)
  2 ball pythons (D:1)
  3 bats
  5 frilled lizards
  5 kobolds
  6 rats
56 creatures vanquished.

Vanquished Creatures (others)
  16 toadstools (D:3)
16 creatures vanquished.

Grand Total: 72 creatures vanquished

Notes
Turn   | Place    | Note
-------+----------+-------------------------------------------
     0 | D:1      | Fang the Gargoyle Berserker began the quest for the Orb.
     0 | D:1      | Reached XP level 1. HP: 14/14 MP: 1/1
   102 | D:1      | Reached XP level 2. HP: 11/19 MP: 2/2
   408 | D:1      | Reached ** piety under Trog
   667 | D:2      | Reached XP level 3. HP: 16/24 MP: 3/3
   997 | D:2      | Reached XP level 4. HP: 27/29 MP: 4/4
  1312 | D:3      | Reached skill level 4 in Fighting
  1326 | D:3      | Noticed Ijyb
  1369 | D:3      | Killed Ijyb
  1413 | D:3      | Reached XP level 5. HP: 33/33 MP: 5/5
  1560 | D:3      | Killed from afar by an orc wizard

Levels and vault maps discovered:
D:1:      saegor_arrival_miasma, layout_basic, chequers_serial_rivers_small_a,
          minmay_misc_feat_enclosed, minmay_misc_feat_alley
D:2:      layout_loops_ring
D:3:      layout_rooms, tgw_fedhas, minmay_misc_feat_columns, uniq_terence,
          uniq_ijyb

Skill      XL: |  1  2  3  4 |
---------------+-------------+-----
Axes           | 3 |  3.4
Dodging        | 2 |  2.4
Armour         | 3 |  3.4
Fighting       | 4 |  4.2

Action                   |  1- 3 |  4- 6 || total
-------------------------+-------+-------++-------
Melee: Hand axe          |   137 |    96 ||   233
       War axe           |       |    24 ||    24
Invok: Berserk           |       |     1 ||     1
  Eat: Chunk             |       |     2 ||     2
Armor: Animal skin       |    19 |       ||    19
       Chain mail        |    39 |   128 ||   167
Dodge: Dodged            |    83 |    68 ||   151
